woodfighter, lawful female human Knight `################ --------- # |........# ###-------- |.>....%|# ) ############# #-..(...| |......^[# @ # |.......# |.......|###(### # |......|# ---------# # # # ).......|# # ### # # #)#--------# # # # # # # # #%% ############ # # % | # # # ### -...- # # # #`######` #-----# # -----.-- #|.%.|# -.^.[..| #|...|# |......| #-.^..# |......| ----- -------- woodfighter the Bachelor Experience level: 6 Strength: 15 Dexterity: 10 Constitution: 10 Intelligence: 7 Wisdom: 15 Charisma: 18 Health: 0(43) Energy: 52(52) Def: 6 Gold: 230 Moves: 2232 Dungeon seed: ogr24Ay4RU6bBh1m Game ID: woodfighter_1516995137 Your Inventory: Coins $ - 230 gold pieces Weapons a - a +1 long sword (weapon in hand) b - a +1 lance (alternate weapon; not wielded) Armor e - an uncursed rusty +1 ring mail (being worn) n - an uncursed +0 helmet (being worn) q - an uncursed +0 small shield (being worn) r - an uncursed +0 pair of leather gloves (being worn) z - an uncursed +0 shield of reflection A - an uncursed +0 pair of low boots Comestibles f - 6 uncursed carrots j - 2 uncursed tripe rations l - an uncursed sprig of wolfsbane G - an uncursed orange L - an uncursed food ration Scrolls F - an uncursed scroll of identify M - an uncursed scroll of remove curse Spellbooks I - an uncursed spellbook of levitation Wands c - a wand of undead turning (0:7) D - a wand of enlightenment (0:15) Tools o - an uncursed leather drum y - a cursed lock pick Spells and supernatural/magical abilities: Name Level Category Fail Memory W - pray for help -- divine ? -- X - turn undead -- divine ? -- Y - supernatural jump -- ability ? -- Your skills at the end: Miscellaneous Skills shield [Basic] wands [Basic] riding [Basic] Weapon Skills long sword [Basic] polearms [Basic] Spellcasting Skills Final Attributes: You were stridently aligned. You could jump. You are dead. Vanquished creatures: a rock piercer a pony 2 fog clouds a gray ooze a ghoul an iguana 4 hill orcs a rothe 2 jitterbugs 3 giant bats an orc zombie 2 dwarf zombies a wererat 2 killer bees 3 coyotes a gas spore an acid blob 6 geckos a yellow mold 2 red molds 6 jackals a fox 3 newts a goblin 3 sewer rats 8 grid bugs 2 lichens 61 creatures vanquished. Voluntary challenges: You did not adorn yourself with jewelry or accessories. You did not cause conflict. You were not invisible. You did not have reflection. You were not displaced. You were an atheist. You used a wielded weapon 90 times, starting on turn 84. You did not use tools. You did not use plumbed fixtures. You did not drink any magical draughts. You were illiterate. You never genocided any monsters. You never polymorphed an object. You never changed form. You used no wishes. You never split a pudding. You never wrote Elbereth's name. You violated your moral code, losing 5 points of alignment, starting on turn 564. Dungeon overview: The Dungeons of Doom: levels 1 to 7 Level 1 a long staircase Level 2 some fountains, a sink stairs to The Gnomish Mines Level 3 a fountain Level 4 a fountain Level 5 (bones?) <- You were here Level 6 stairs to Sokoban Level 7 The Gnomish Mines: Level 3 stairs to The Dungeons of Doom Sokoban: Level 5 a magic chest stairs to The Dungeons of Doom History has recorded: On T:1 you entered the Dungeons of Doom to retrieve the Amulet of Yendor! On T:148 you reached level 2 of The Dungeons of Doom. On T:402 you reached level 3 of The Dungeons of Doom. On T:596 you reached level 1 of The Gnomish Mines. On T:712 you advanced to experience level 2. On T:914 you reached level 4 of The Dungeons of Doom. On T:939 you advanced to experience level 3. On T:1106 you reached level 5 of The Dungeons of Doom. On T:1326 you advanced to experience level 4. On T:1540 you reached level 6 of The Dungeons of Doom. On T:1594 you reached level 4 of Sokoban. On T:1619 you opened a magic chest. On T:1906 you advanced to experience level 5. On T:2054 you reached level 7 of The Dungeons of Doom. On T:2230 you advanced to experience level 6. Score breakdown: Gold: 230 ( 23 points) Experience: 6 levels ( 500 points) Exploration: 7 levels ( 180 points) Discoveries: 6 items ( 300 points) Variety of kills: 27 monsters ( 1350 points) Major goal: (nothing yet) ( 0 points) Survival: died (score multiplied by 3) Total score: 7059 Latest messages: You see here 2 coyote corpses. (2x) There are a few objects here. Something is hit. You stop exploring. You hack the hill orc! The hill orc swings his scimitar at horsey. The hill orc hacks horsey. Horsey is killed! Your movements are slowed slightly because of your load. You kill the hill orc! The wererat picks up an orcish helm. The wererat puts on an orcish helm. You kill the wererat! Welcome to experience level 6. You hear a nearby zap. The magic missile hits you! The magic missile bounces! The magic missile hits you! There are several objects here. You hear a nearby zap. The magic missile hits you! The magic missile bounces! The magic missile whizzes by you! The magic missile hits it. You hear a nearby zap. The magic missile hits you! You die... Final status: Fare thee well woodfighter the Knight, killed by a magic missile... You died in The Dungeons of Doom on dungeon level 5 with 7059 points, and 230 pieces of gold, after 2232 moves. You were level 6 with a maximum of 43 hit points when you died.